 Dungeon Crawl Stone Soup version 0.26-a0-20-g5f92b90fa0 (webtiles) character file.

Game seed: 15260052721945074947, levelgen mode: deterministic

60 Aviak the Changer (level 4, 0/38 HPs)
             Began as a Naga Transmuter on May 25, 2020.
             Succumbed to an adder's poison
             ... on level 2 of the Dungeon.
             The game lasted 00:02:12 (1468 turns).

Aviak the Changer (Naga Transmuter)                 Turns: 1468, Time: 00:02:12

Health: 0/38       AC:  2    Str: 13    XL:     4   Next: 4%
Magic:  7/8        EV: 10    Int: 14    God:
Gold:   29         SH:  0    Dex: 11    Spells: 8/9 levels left

rFire    . . .     SeeInvis +     - Unarmed
rCold    . . .     Gourm    .   (no shield)
rNeg     . . .     Faith    .   b - +0 robe
rPois    +         Spirit   .   (no helmet)
rElec    .         Reflect  .   (no cloak)
rCorr    .         Harm     .   (no gloves)
MR       .....                  (no barding)
Stlth    +.........             (no amulet)
HPRegen  0.12/turn              (no ring)
MPRegen  0.11/turn              (no ring)

@: brilliant, lethally poisoned (0 -> -3), appendage (expiring), very slow
A: large, horns 2, see invisible, deformed body, poison resistance, slowness 2,
slow metabolism 1, spit poison 1, AC +1
a: Spit Poison, End Transformation


You were on level 2 of the Dungeon.
You were not hungry.
You had grown temporary horns.
You visited 1 branch of the dungeon, and saw 2 of its levels.

You collected 29 gold pieces.

Inventory:

Missiles
 a - 27 arrows
Armour
 b - a +0 robe (worn)
 h - a +2 tower shield
Scrolls
 e - 2 scrolls of identify {unknown}
 f - a scroll of teleportation {unknown}
Comestibles
 d - 4 rations


   Skills:
 - Level 1.0 Fighting
 - Level 1.5 Dodging
 - Level 3.0 Unarmed Combat
 - Level 3.0 Spellcasting
 + Level 3.4 Transmutations


You had 8 spell levels left.
You knew the following spells:

 Your Spells              Type           Power        Failure   Level  Hunger
a - Beastly Appendage     Tmut           ###...       5%          1    None

Your spell library contained the following spells:

 Spells                   Type           Power        Failure   Level  Hunger
 Sticks to Snakes         Tmut           ###.....     9%          2    None
 Spider Form              Tmut/Pois      ##........   32%         3    None
 Ice Form                 Ice/Tmut       ##......     71%         4    None
 Blade Hands              Tmut           ###.......   83%         5    None


Dungeon Overview and Level Annotations

Branches:
Dungeon (2/15)

Altars:


Innate Abilities, Weirdness & Mutations

You cannot wear boots.
Your serpentine skin is tough. (AC +1)
You have supernaturally acute eyesight. (SInv)
Armour fits poorly on your strangely shaped body.
Your system is resistant to poisons. (rPois)
You cover ground very slowly.
You have a slow metabolism.
You can spit poison.
You have a pair of horns on your head.


Message History

You feel sick. The adder closely misses you.
You hit the adder.
The adder is almost dead.
The adder bites you.
* * * LOW HITPOINT WARNING * * *
The adder bites you.
* * * LOW HITPOINT WARNING * * *
You barely miss the adder.
The adder is almost dead.
The adder barely misses you.
Unknown command.
You hit the adder.
You kill the adder!
You have reached level 4!
You feel stronger.
* * * LOW HITPOINT WARNING * * *
You feel sick.
It was a potion of brilliance.
You feel clever all of a sudden.
You die...

#.# #.#
#.# #.#
#.# #>#
########.#
....P....#
.≈≈≈P≈≈P@#
≈≈≈.≈.≈†.#
≈≈≈≈≈≈P≈♣#
.≈≈≈≈P≈.P
≈≈≈≈≈≈≈P.#
≈≈≈≈.≈≈..#
#.P..P#.##
....#####
.###


There were no monsters in sight!

Vanquished Creatures
  2 adders (D:2)
  2 dart slugs (D:1)
  2 leopard geckos (D:1)
  6 bats
  2 giant cockroaches
  A goblin (D:1)
  6 hobgoblins
  4 jackals (D:1)
  5 kobolds (D:1)
  A frilled lizard (D:1)
  5 rats
36 creatures vanquished.

Notes
Turn   | Place    | Note
-------+----------+-------------------------------------------
     0 | D:1      | Aviak the Naga Transmuter began the quest for the Orb.
     0 | D:1      | Reached XP level 1. HP: 18/18 MP: 3/3
    34 | D:1      | Reached XP level 2. HP: 6/25 MP: 3/5
   626 | D:1      | Reached XP level 3. HP: 29/31 MP: 4/6
  1464 | D:2      | HP: 1/31 [adder (2)]
  1466 | D:2      | Reached XP level 4. HP: 2/38 MP: 6/8
  1468 | D:2      | Succumbed to an adder's poison

Illustrated notes

Levels and vault maps discovered:
D:1:      tarquinn_simple_flora_water_a, layout_rooms
D:2:      layout_loops_ring, amethyst_overflow_temple_binary, serial_bayou,
          serial_bayou_pond_c, serial_bayou_ford_a, serial_bayou_pond_b,
          serial_bayou_pond_a

Skill      XL: |  1  2  3 |
---------------+----------+-----
Transmutations | 3 |  3.4
Spellcasting   | 3 |  3.0
Fighting       | |  1.0
Dodging        | |  1.5
Unarmed Combat | |  3.0

Action                   |  1- 3 |  4- 6 || total
-------------------------+-------+-------++-------
Melee: Unarmed           |   119 |       ||   119
       Headbutt          |     7 |       ||     7
       Punch             |     3 |       ||     3
 Cast: Beastly Appendage |    13 |       ||    13
 Abil: Spit Poison       |     6 |       ||     6
  Use: Potion            |       |     1 ||     1
  Eat: Chunk             |     1 |       ||     1
Armor: Robe              |    29 |       ||    29
Dodge: Dodged            |    83 |       ||    83

Table legend:
 A = Non-vault XP
 B = Vault XP
 C = Vault XP percentage of total XP
 D = Non-vault monster count
 E = Vault monster count
 F = Vault count percentage of total count
                 A         B        C        D         E       F
            +---------+---------+-------+---------+---------+-------
      Total |      69 |      17 |  19.8 |      33 |       3 |   8.3
            +---------+---------+-------+---------+---------+-------
        D:1 |      52 |       0 |   0.0 |      29 |       0 |   0.0
        D:2 |      17 |      17 |  50.0 |       4 |       3 |  42.9
            +---------+---------+-------+---------+---------+-------
